Map: Galactic Process LE

Players

Gracz

  • Race: Protoss Protoss
  • League: Silver

OldOne - Winner!

  • Race: Protoss Protoss
  • League: Silver

VOD

Have the link to the VOD?

Description

Time

  • Played on: Oct. 13, 2016, 11:01 a.m.
  • Length: 12:16
Show
View Real Time Build Order
Export as new Build Order

Gracz Protoss 

Build Orders:  

Get SALT Encoding   

  12  0:03  Probe (Chrono Boost)  
  13  0:15  Pylon  
  13  0:18  Probe (Chrono Boost)  
  14  0:28  Probe (Chrono Boost)  
  14  0:33  Assimilator  
  15  0:39  Probe (Chrono Boost)  
  16  0:46  Pylon  
  17  0:50  Probe (Chrono Boost)  
  17  1:00  Probe (Chrono Boost)  
  18  1:07  Gateway  
  18  1:15  Probe (Chrono Boost)  
  19  1:41  Nexus  
  19  1:47  Probe (Chrono Boost)  
  20  1:48  Assimilator  
  20  1:57  Probe (Chrono Boost)  
  20  1:59  Pylon  
  21  2:03  Pylon  
  21  2:19  Cybernetics Core  
  21  2:20  Probe (Chrono Boost)  
  22  2:30  Gateway  
  22  2:31  Probe (Chrono Boost)  
  23  2:40  Warp Gate  
  23  2:48  Pylon  
  23  2:50  Pylon  
  23  3:01  Probe (Chrono Boost)  
  23  3:02  Probe (Chrono Boost)  
  25  3:14  Probe (Chrono Boost)  
  25  3:19  Stargate  
  26  3:20  Stargate  
  26  3:27  Stargate  
  26  3:37  Probe (Chrono Boost)  
  26  3:38  Probe (Chrono Boost)  
  28  3:50  Probe (Chrono Boost)  
  29  3:55  Gateway  
  29  3:56  Gateway  
  29  4:03  Mothership Core (Chrono Boost)  
  31  4:20  Protoss Air Weapons Level 1  
  31  4:22  Assimilator  
  31  4:24  Assimilator  
  31  4:39  Stargate  
  31  4:41  Stargate  
  31  5:01  Nexus  
  31  5:03  Pylon  
  31  5:08  Pylon  
  31  5:11  Pylon  
  31  5:12  Probe (Chrono Boost)  
  32  5:14  Pylon  
  32  5:17  Stalker  
  32  5:18  Assimilator  
  34  5:22  Assimilator  
  34  5:32  Probe (Chrono Boost)  
  34  5:34  Probe (Chrono Boost)  
  36  5:43  Probe (Chrono Boost)  
  36  5:46  Probe (Chrono Boost)  
  38  5:53  Probe (Chrono Boost)  
  38  5:55  Robotics Facility  
  40  5:57  Robotics Facility  
  40  5:58  Probe (Chrono Boost)  
  41  6:04  Probe (Chrono Boost)  
  41  6:16  Probe x2 (Chrono Boost)  
  41  6:17  Probe (Chrono Boost)  
  44  6:22  Stalker  
  46  6:27  Probe x2 (Chrono Boost)  
  46  6:29  Probe (Chrono Boost)  
  49  6:37  Probe x2 (Chrono Boost)  
  51  6:42  Probe (Chrono Boost)  
  51  6:45  Fleet Beacon  
  52  6:48  Robotics Bay  
  52  6:51  Probe x2 (Chrono Boost)  
  52  6:54  Probe (Chrono Boost)  
  55  7:02  Probe (Chrono Boost)  
  55  7:04  Stalker  
  55  7:05  Stalker x2  
  62  7:28  Nexus  
  62  7:30  Pylon  
  62  7:33  Pylon  
  62  7:34  Graviton Catapult  
  62  7:36  Pylon  
  62  7:39  Pylon  
  62  7:45  Protoss Air Armor Level 1  
  62  7:47  Extended Thermal Lance  
  62  7:55  Probe x2 (Chrono Boost)  
  62  7:56  Probe (Chrono Boost)  
  66  8:05  Probe (Chrono Boost)  
  66  8:06  Probe (Chrono Boost)  
  66  8:08  Stalker x2, Probe (Chrono Boost)  
  66  8:09  Stalker  
  74  8:13  Sentry  
  74  8:16  Probe (Chrono Boost)  
  77  8:21  Observer, Colossus  
  77  8:26  Carrier  
  90  8:42  Carrier  
  96  8:59  Probe x3 (Chrono Boost)  
  96  9:00  Stalker x2, Probe (Chrono Boost)  
  96  9:01  Stalker  
  96  9:02  Stalker  
  108  9:09  Probe x3 (Chrono Boost)  
  111  9:12  Probe (Chrono Boost)  
  111  9:15  Immortal  
  111  9:16  Colossus  
  112  9:20  Probe x2 (Chrono Boost)  
  124  9:34  Carrier  
  124  9:36  Probe x2 (Chrono Boost)  
  132  9:49  Disruptor  
  103  10:11  Observer  
  71  10:48  Stalker x2  
  48  11:13  Void Ray  
  48  11:14  Stalker x3  
  48  11:15  Stalker  
  48  11:17  Void Ray  
  53  11:18  Void Ray  
  53  11:21  Void Ray  
Show
View Real Time Build Order
Export as new Build Order

OldOne Protoss - Winner!

Build Orders:  

Get SALT Encoding   

  12  0:23  Pylon  
  12  0:24  Probe (Chrono Boost)  
  13  0:29  Assimilator  
  13  0:34  Probe (Chrono Boost)  
  14  0:43  Gateway  
  14  0:46  Probe (Chrono Boost)  
  15  0:56  Probe (Chrono Boost)  
  16  1:06  Gateway  
  16  1:07  Probe (Chrono Boost)  
  17  1:20  Pylon  
  17  1:22  Probe (Chrono Boost)  
  18  1:31  Zealot  
  20  1:41  Probe (Chrono Boost), Cybernetics Core  
  21  1:53  Forge  
  21  1:56  Zealot  
  23  2:03  Zealot  
  23  2:08  Probe (Chrono Boost)  
  26  2:23  Zealot  
  26  2:26  Probe (Chrono Boost)  
  29  2:30  Stalker  
  29  2:33  Assimilator  
  31  2:42  Pylon  
  31  2:56  Pylon  
  31  3:02  Photon Cannon  
  31  3:05  Stalker  
  33  3:08  Mothership Core (Chrono Boost)  
  35  3:26  Probe (Chrono Boost)  
  36  3:35  Twilight Council  
  36  3:37  Probe (Chrono Boost), Zealot  
  39  3:47  Probe (Chrono Boost)  
  40  4:07  Probe (Chrono Boost)  
  41  4:19  Charge  
  41  4:23  Probe (Chrono Boost)  
  42  4:39  Stargate  
  42  4:43  Nexus  
  42  5:07  Stargate  
  42  5:09  Probe (Chrono Boost)  
  42  5:14  Stalker  
  45  5:15  Zealot  
  47  5:32  Assimilator  
  47  5:40  Photon Cannon  
  47  5:46  Pylon  
  47  5:54  Zealot  
  47  5:56  Pylon  
  49  5:57  Void Ray  
  49  6:03  Probe (Chrono Boost)  
  54  6:13  Probe (Chrono Boost)  
  55  6:24  Probe (Chrono Boost)  
  56  6:28  Fleet Beacon  
  56  6:34  Probe (Chrono Boost)  
  56  6:38  Void Ray  
  61  6:45  Probe (Chrono Boost)  
  61  6:46  Pylon  
  62  6:55  Probe (Chrono Boost)  
  62  6:56  Void Ray  
  67  7:06  Probe (Chrono Boost)  
  68  7:22  Assimilator, Probe (Chrono Boost)  
  69  7:33  Probe (Chrono Boost)  
  70  7:38  Photon Cannon  
  70  7:42  Probe (Chrono Boost)  
  70  7:43  Probe (Chrono Boost)  
  78  7:54  Probe (Chrono Boost)  
  79  7:58  Pylon  
  79  7:59  Zealot  
  79  8:03  Stalker  
  79  8:05  Probe (Chrono Boost)  
  84  8:15  Protoss Air Weapons Level 1  
  84  8:19  Pylon  
  84  8:21  Protoss Ground Weapons Level 1  
  84  8:36  Probe (Chrono Boost)  
  85  8:47  Probe (Chrono Boost)  
  86  8:57  Probe (Chrono Boost)  
  87  9:08  Probe (Chrono Boost)  
  88  9:10  Carrier  
  88  9:13  Robotics Facility  
  94  9:18  Probe (Chrono Boost)  
  94  9:20  Photon Cannon  
  94  9:22  Stalker  
  97  9:27  Probe (Chrono Boost)  
  98  10:15  Protoss Ground Armor Level 1  
  100  11:43  Pylon  
Tags
 
Add a new tag
Caveats
  • Supply blocks, unpowered buildings, or Contaminate may cause inaccurate times.
  • Supply counts are checked every 10 seconds.